 Dungeon Crawl Stone Soup version 0.22.1-1-ga44c0e5 (webtiles) character file.

246 whitewolfNL the Chopper (level 5, -1/46 HPs)
             Began as a Minotaur Berserker on Nov 7, 2018.
             Was a Believer of Trog.
             Slain by an orc wizard
             ... wielding a +0 dagger
              (3 damage)
             ... on level 3 of the Dungeon.
             The game lasted 00:24:19 (4364 turns).

whitewolfNL the Chopper (Minotaur Berserker)        Turns: 4364, Time: 00:24:20

Health: -1/46      AC:  9    Str: 25    XL:     5   Next: 84%
Magic:  4/4        EV:  5    Int:  4    God:    Trog [**....]
Gold:   121        SH:  0    Dex: 10    Spells: 4/4 levels left

rFire    + . .     SeeInvis .   x - +0 mace (protect)
rCold    x . .     Gourm    .   e - +0 large shield
rNeg     . . .     Faith    .   p - +0 chain mail
rPois    .         Spirit   .   (helmet restricted)
rElec    .         Reflect  .   (no cloak)
rCorr    .         Harm     .   (no gloves)
MR       .....                  (no boots)
Stlth    ..........             (no amulet)
HPRegen  0.15/turn              i - ring of fire
MPRegen  0.09/turn              t - +3 ring of strength

@: confused, flying
A: retaliatory headbutt, horns 2
a: Berserk, Trog's Hand, Renounce Religion


You were on level 3 of the Dungeon.
You worshipped Trog.
Trog was pleased with you.
You were not hungry.

You visited 1 branch of the dungeon, and saw 4 of its levels.

You collected 121 gold pieces.

Inventory:

Hand Weapons
 a - a +0 hand axe
 r - a +0 short sword of flaming
 x - a +0 mace of protection (weapon)
Missiles
 d - 31 arrows
 k - 46 sling bullets
 n - 29 poisoned needles
Armour
 e - a +0 large shield (worn)
 p - a +0 chain mail (worn)
Jewellery
 i - a ring of fire (left hand)
 t - a +3 ring of strength (right hand)
Scrolls
 b - a scroll of noise {unknown}
 g - 5 scrolls of identify {unknown}
 j - a scroll of remove curse {unknown}
 l - a scroll of magic mapping {unknown}
 o - a scroll of fear {unknown}
 s - 2 scrolls of teleportation {unknown}
 v - a scroll of random uselessness {unknown}
 w - a scroll of blinking {unknown}
Potions
 f - a potion of brilliance {unknown}
 h - a potion of mutation {unknown}
 m - a potion of might {unknown}
 q - a potion of flight
 u - a potion of curing {unknown}
 A - a potion of haste
Comestibles
 c - 5 rations


   Skills:
 + Level 4.0 Fighting
 + Level 5.4 Axes
 * Level 0.8(3.4) Maces & Flails
 + Level 3.5 Armour
 + Level 2.8 Dodging
 * Level 1.6 Stealth
 + Level 3.0 Shields


You had 4 spell levels left.
You didn't know any spells.
Your spell library was empty.

Dungeon Overview and Level Annotations

Branches:
Dungeon (4/15)
 Temple: D:4-7

Altars:
Makhleb
Okawaru
Zin


Innate Abilities, Weirdness & Mutations

You reflexively headbutt those who attack you in melee.
You have a pair of horns on your head.


Message History

You hear some strange, mumbled words.
Something tries to affect you, but you resist.
Something hits you but does no damage.
You miss something. Something hits you but does no damage.
You closely miss something. Something hits you but does no damage.
You closely miss something. You headbutt something.
Something hits you but does no damage. x2
You miss something. You block something's attack.
You closely miss something. You block something's attack.
You miss something. Something hits you but does no damage.
It was a potion of flight.
You feel very buoyant.
You fly up into the air.
You recover from your berserk rage.
You hear some strange, mumbled words.
You are confused.
You bump into the rock wall.
Something hits you.
* * * LOW HITPOINT WARNING * * *
You bump into the rock wall.
Something hits you.
You die...

#......##...#......#
#.#..###.........#.#
#.#.....#...#.##.#.#
..)..########.##.#.# .#.###
#.##.#.# ###.## #.##.#.# #
##.########......#
##.##.....###{### # ##.###.....#
#@# ###..# #.....###[#####
.#.#.# #.....##...##.##
#.##.###.....#........#
###...........#...##.##
##..##.#..##.##.###.#
#.........##.#### #.#
#...#...###########.# #########
#...#..###.#.#.#.##.####.##.....


There were no monsters in sight!

Vanquished Creatures
  A hound (D:4)
  A centaur skeleton (D:4)
  Terence (D:2)
  2 gnolls (D:3)
  8 adders
  An ooze (D:3)
  An adder skeleton (D:4)
  2 dart slugs (D:3)
  A leopard gecko (D:1)
  5 orcs
  4 giant cockroaches
  10 hobgoblins
  6 kobolds
  4 bats
  3 frilled lizards
  7 goblins
  4 rats
61 creatures vanquished.

Notes
Turn   | Place    | Note
-------+----------+-------------------------------------------
     0 | D:1      | whitewolfNL the Minotaur Berserker began the quest for the
                  | Orb.
     0 | D:1      | Reached XP level 1. HP: 19/19 MP: 0/0
   304 | D:1      | Reached skill level 4 in Axes
   304 | D:1      | Reached XP level 2. HP: 27/27 MP: 1/1
  1103 | D:2      | Reached XP level 3. HP: 28/33 MP: 2/2
  1375 | D:2      | Noticed Terence
  1394 | D:2      | Killed Terence
  1394 | D:2      | Reached skill level 1 in Shields
  1983 | D:2      | Found a faded altar of an unknown god.
  2245 | D:2      | Reached XP level 4. HP: 40/40 MP: 3/3
  2560 | D:2      | Reached ** piety under Trog
  3024 | D:3      | Found an iron altar of Okawaru.
  3033 | D:3      | Reached skill level 1 in Stealth
  3037 | D:3      | Reached skill level 5 in Axes
  3562 | D:3      | Reached XP level 5. HP: 45/46 MP: 4/4
  3595 | D:3      | Found a glowing silver altar of Zin.
  4124 | D:3      | Found a burning altar of Makhleb.
  4228 | D:4      | Noticed a phantom
  4350 | D:3      | HP: 1/46 [something/magic dart (2)]
  4363 | D:3      | HP: 2/46 [something (2)]
  4364 | D:3      | Slain by an orc wizard

Skill      XL: |  1  2  3  4  5 |
---------------+----------------+-----
Axes           | 4 5 |  5.4
Shields        | 1 2 3 |  3.0
Armour         | 3 |  3.5
Stealth        | 1 |  1.6
Fighting       | 4 |  4.0
Maces & Flails | |  0.8
Dodging        | |  2.8

Action                   |  1- 3 |  4- 6 || total
-------------------------+-------+-------++-------
Melee: Hand axe          |    80 |    85 ||   165
       Headbutt          |     9 |    20 ||    29
       Mace              |       |    34 ||    34
Invok: Berserk           |     2 |     3 ||     5
  Use: Potion            |       |     1 ||     1
  Eat: Chunk             |     5 |     5 ||    10
       Ration            |       |     2 ||     2
Armor: Animal skin       |     2 |       ||     2
       Leather armour    |    11 |       ||    11
       Chain mail        |     5 |    72 ||    77
Dodge: Dodged            |    18 |    21 ||    39
Block: Large shield      |    49 |   101 ||   150
